 Dungeon Crawl Stone Soup version 0.26.0-16-gc1dbca0489 (webtiles) character file.

Game seed: 17720838111264328238

519 trckry the Ruffian (level 7, -8/52 HPs)
             Began as a Yellow Draconian Transmuter on Jan 17, 2021.
             Mangled by Prince Ribbit (17 damage)
             ... on level 5 of the Dungeon.
             The game lasted 00:15:41 (5747 turns).

trckry the Ruffian (Yellow Draconian Transmuter)    Turns: 5747, Time: 00:15:41

Health: -8/52      AC:  9    Str: 12    XL:     7   Next: 1%
Magic:  10/10      EV: 12    Int: 16    God:
Gold:   126        SH:  5    Dex: 11    Spells: 3/10 levels left

rFire    . . .     SeeInvis +     - Unarmed
rCold    . . .     Faith    .   (no shield)
rNeg     . . .     Spirit   .   (armour unavailable)
rPois    .         Reflect  +   (helmet restricted)
rElec    .         Harm     .   b - +1 cloak
rCorr    +         Rampage  .   (no gloves)
Will     .....                  l - +0 pair of boots
Stlth    +.........             f - amulet of reflection
HPRegen  0.17/turn              k - ring of see invisible
MPRegen  0.12/turn              g - ring of flight

@: short of breath
A: spit acid, unfitting armour, cold-blooded, acid resistance, AC +6
a: Breathe Acid, Evoke Flight


You were on level 5 of the Dungeon.
You visited 2 branches of the dungeon, and saw 6 of its levels.

You collected 126 gold pieces.

Inventory:

Missiles
 e - 2 poisoned darts (quivered)
Armour
 b - a +1 cloak (worn)
 l - a +0 pair of boots (worn)
Jewellery
 f - an amulet of reflection (around neck)
 g - a ring of flight (right hand)
 k - a ring of see invisible (left hand)
Wands
 o - a wand of enslavement (9)
Scrolls
 c - 2 scrolls of teleportation {unknown}
 d - a scroll of remove curse
 i - 2 scrolls of identify
 n - a scroll of magic mapping {unknown}
 p - a scroll of amnesia {unknown}
Potions
 a - 2 potions of haste {unknown}
 h - 2 potions of lignification {unknown}
 j - a potion of degeneration {unknown}
 m - a potion of mutation {unknown}


   Skills:
 - Level 1.1 Fighting
 - Level 1.7 Dodging
 * Level 5.5 Unarmed Combat
 - Level 2.0 Spellcasting
 * Level 5.1 Transmutations
 + Level 1.3 Ice Magic
 + Level 2.3 Evocations


You had 3 spell levels left.
You knew the following spells:

 Your Spells              Type           Power        Failure   Level
a - Beastly Appendage     Tmut           34%          2%          1
b - Wereblood             Tmut           17%          3%          2
c - Ice Form              Ice/Tmut       11%          50%         4

Your spell library contained the following spells:

 Spells                   Type           Power        Failure   Level
 Spider Form              Tmut/Pois      4%           22%         3
 Blade Hands              Tmut           8%           56%         5


Dungeon Overview and Level Annotations

Branches:
Dungeon (5/15)             Temple (1/1) D:5

Altars:
Ashenzari
Cheibriados
Dithmenos
Elyvilon
Fedhas
Hepliaklqana
Kikubaaqudgha
Makhleb
Sif Muna
Trog
Uskayaw
Vehumet
Yredelemnul
Zin
The Shining One

Annotations:
D:4 Grinder
D:5 Prince Ribbit


Innate Abilities, Weirdness & Mutations

You can spit globs of acid.
Your golden yellow scales are hard. (AC +6)
You cannot fit into any form of body armour.
You are cold-blooded and may be slowed by cold attacks.
You are resistant to acid. (rCorr)


Message History

You miss Prince Ribbit. Your kick misses Prince Ribbit.
Your tail-slap misses Prince Ribbit.
Prince Ribbit is lightly wounded.
Prince Ribbit hits you!
* * * LOW HITPOINT WARNING * * *
The phantom hits you.
* * * LOW HITPOINT WARNING * * *
Prince Ribbit hits you.
* * * LOW HITPOINT WARNING * * *
You miss the phantom. You claw the phantom, but do no damage.
You tail-slap the phantom.
The phantom is heavily damaged.
Your horns disappear.
Your talons disappear.
Your +0 pair of boots unmelds from your body.
Prince Ribbit hits you but does no damage.
The phantom barely misses you.
You closely miss the phantom.
The phantom is heavily damaged.
Prince Ribbit hits you!
You die...

#.# #.# .#####
#.# .#.... #.#
...... ## #F#
....W .. #.# ...
.# #.########.#
..
#..ยง.(....####.#
#########..W@F.#
########


You could see Prince Ribbit and a phantom.

Vanquished Creatures
  A phantom (D:4)
  A howler monkey (D:5)
  An orc priest (D:5)
  Jessica (D:2)
  Natasha (thrice) (D:3)
  Terence (D:3)
  2 iguanas (D:5)
  4 adders
  3 gnolls
  A white imp (D:5)
  An ooze (D:2)
  An adder skeleton (D:4)
  6 worms
  3 dart slugs
  3 leopard geckos
  3 orcs
  A ball python (D:3)
  5 giant cockroaches
  3 goblins
  4 hobgoblins
  12 jackals
  10 kobolds
  A quokka (D:4)
  7 bats
  5 frilled lizards
  A giant cockroach zombie (D:5)
  A leopard gecko zombie (D:5)
  3 rats
88 creatures vanquished.

Notes
Turn   | Place    | Note
-------+----------+-------------------------------------------
     0 | D:1      | trckry the Draconian Transmuter began the quest for the
                  | Orb.
     0 | D:1      | Reached XP level 1. HP: 16/16 MP: 3/3
   100 | D:1      | Reached XP level 2. HP: 9/23 MP: 3/5
   406 | D:1      | Learned a level 2 spell: Wereblood
   799 | D:1      | Reached XP level 3. HP: 22/28 MP: 4/6
  1862 | D:2      | Reached XP level 4. HP: 22/35 MP: 7/7
  2347 | D:3      | Noticed Jessica
  2358 | D:2      | Killed Jessica
  2469 | D:3      | Found a shimmering blue altar of Sif Muna.
  2688 | D:3      | Reached XP level 5. HP: 22/40 MP: 8/8
  2833 | D:3      | Noticed Natasha
  2838 | D:3      | Killed Natasha
  2839 | D:3      | Reached skill level 1 in Evocations
  2988 | D:3      | Noticed Natasha
  2991 | D:3      | Found a hide-covered altar of Uskayaw.
  3004 | D:3      | Killed Natasha
  3023 | D:3      | Noticed Natasha
  3030 | D:3      | Noticed Terence
  3042 | D:3      | Killed Natasha
  3221 | D:3      | Killed Terence
  3222 | D:3      | Reached skill level 5 in Unarmed Combat
  3310 | D:3      | Reached XP level 6. HP: 43/47 MP: 6/9
  3497 | D:3      | Learned a level 4 spell: Ice Form
  3731 | D:4      | Noticed Grinder
  3739 | D:4      | Paralysed by Grinder for 6 turns
  3748 | D:5      | Entered Level 5 of the Dungeon
  3873 | D:5      | Found a hazy altar of Hepliaklqana.
  3955 | D:5      | Reached skill level 1 in Ice Magic
  4011 | D:5      | Found a staircase to the Ecumenical Temple.
  4018 | Temple   | Entered the Ecumenical Temple
  4116 | D:5      | Reached skill level 5 in Transmutations
  4359 | D:5      | HP: 3/47 [white imp/puff of frost (10)]
  4362 | D:5      | Noticed Prince Ribbit
  5055 | D:4      | Found a basalt altar of Yredelemnul.
  5635 | D:5      | Found a snail-covered altar of Cheibriados.
  5665 | D:5      | Your scales start taking on a golden yellow colour.
  5665 | D:5      | Reached XP level 7. HP: 52/52 MP: 8/10
  5665 | D:5      | Gained mutation: You are resistant to acid. (rCorr) [Yellow
                  | Draconian growth]
  5747 | D:5      | Mangled by Prince Ribbit

Illustrated notes

Levels and vault maps discovered:
D:1:      minmay_arrival_pointy, layout_loops_corners, minmay_misc_feat_columns,
          corner_web_ring
D:2:      layout_loops_corners, wander_ebering_terrifying_dragon_lair
D:3:      layout_rooms, old_standard_altar, lemuel_round_altar, uniq_natasha,
          uniq_jessica, uniq_terence
D:4:      layout_basic, yredelemnul_altar_generic, uniq_ijyb, uniq_grinder
D:5:      layout_loops_corners, nicolae_overflow_crystal_walls,
          nzn_hepliaklqana_mist_gate, minmay_temple_entry_wispy,
          uniq_prince_ribbit1
Temple:   eino_temple_lava

Skill      XL: |  1  2  3  4  5  6 |
---------------+-------------------+-----
Transmutations | 3 4 5 |  5.1
Unarmed Combat | 4 5 |  5.5
Evocations     | 1 2 |  2.3
Ice Magic      | 1 |  1.3
Fighting       | |  1.1
Dodging        | |  1.7
Spellcasting   | |  2.0

Action                   |  1- 3 |  4- 6 |  7- 9 || total
-------------------------+-------+-------+-------++-------
Melee: Unarmed           |   116 |   210 |    12 ||   338
       Kick              |    11 |    45 |     4 ||    60
       Headbutt          |     5 |    22 |       ||    27
       Punch             |     3 |     2 |     1 ||     6
       Tailslap          |    10 |    16 |     2 ||    28
Throw: Dart              |       |       |     2 ||     2
 Cast: Beastly Appendage |    10 |    25 |     1 ||    36
       Wereblood         |       |     3 |       ||     3
 Abil: Breathe Acid      |       |       |     2 ||     2
  Use: Scroll            |       |     4 |       ||     4
       Potion            |       |     2 |       ||     2
 Stab: Sleeping          |     1 |     2 |       ||     3
Armor: Skin              |    40 |    64 |     7 ||   111
Dodge: Dodged            |    72 |   123 |     5 ||   200
Block: Other             |       |    13 |       ||    13
       Reflection        |       |     1 |       ||     1
